 Dungeon Crawl Stone Soup version 0.24.0-13-gcf9b319 (webtiles) character file.

Game seed: 2120909228133314693, levelgen mode: deterministic

57 Fang the Skirmisher (level 4, -1/29 HPs)
             Began as a Gargoyle Berserker on Nov 12, 2019.
             Was a Follower of Trog.
             Slain by Sigmund
             ... wielding a +0 scythe
              (11 damage)
             ... on level 2 of the Dungeon.
             The game lasted 00:01:04 (1238 turns).

Fang the Skirmisher (Gargoyle Berserker)            Turns: 1238, Time: 00:01:04

Health: -1/29      AC:  5    Str: 22    XL:     4   Next: 0%
Magic:  4/4        EV: 12    Int:  7    God:    Trog [*.....]
Gold:   59         SH:  0    Dex:  9    Spells: 3/3 levels left

rFire    . . .     SeeInvis .   a - +0 hand axe
rCold    . . .     Gourm    .   (no shield)
rNeg     + . .     Faith    .   b - +0 animal skin
rPois    ∞         Spirit   .   (no helmet)
rElec    +         Reflect  .   n - scarf {cloud immunity}
rCorr    .         Harm     .   (no gloves)
MR       .....                  (no boots)
Stlth    +.........             (no amulet)
HPRegen  0.09/turn              (no ring)
MPRegen  0.09/turn              (no ring)

@: berserk cooldown, slowed, very slow
A: negative energy resistance 1, electricity resistance, unbreathing,
petrification resistance, rot immunity, AC +3
a: Berserk, Renounce Religion


You were on level 2 of the Dungeon.
You worshipped Trog.
Trog was aware of your devotion.
You were very hungry.

You visited 1 branch of the dungeon, and saw 2 of its levels.

You collected 59 gold pieces.

Inventory:

Hand Weapons
 a - a +0 hand axe (weapon)
Armour
 b - a +0 animal skin (worn)
 n - a scarf of cloud immunity (worn)
Scrolls
 d - a scroll of remove curse {unknown}
 g - 4 scrolls of enchant weapon {unknown}
 h - 2 scrolls of teleportation {unknown}
 i - a scroll of enchant armour {unknown}
 j - a scroll of amnesia {unknown}
 k - a scroll of immolation {unknown}
 l - 3 scrolls of fear {unknown}
 o - a scroll of magic mapping {unknown}
Potions
 e - 2 potions of lignification {unknown}
 f - a potion of flight {unknown}
 m - 2 potions of curing {unknown}
 p - a potion of might {unknown}
Comestibles
 c - 4 rations


   Skills:
 + Level 3.8 Fighting
 + Level 3.1 Axes
 + Level 2.9 Armour
 + Level 2.1 Dodging


You had 3 spell levels left.
You didn't know any spells.
Your spell library was empty.

Dungeon Overview and Level Annotations

Branches:
Dungeon (2/15)

Altars:
Cheibriados

Annotations:
D:2 Sigmund


Innate Abilities, Weirdness & Mutations

You are resistant to torment.
Your stone body is resilient. (AC +3)
You are immune to poison.
You resist negative energy. (rN+)
You are resistant to electric shocks. (rElec)
You can survive without breathing.
You are immune to petrification.
You are immune to rotting.


Message History

You hear some strange, mumbled words.
A puff of flame appears from out of thin air!
The puff of flame hits you!
A goblin comes into view.
The goblin shouts!
You see here a rat corpse.
You miss the bat.
You feel less confused. The bat barely misses you. x2
You are no longer berserk.
You are exhausted.
You feel yourself slow down. The bat hits you. The bat misses you.
The goblin hits you but does no damage. The bat barely misses you.
Something hits you. The bat hits you but does no damage.
The goblin hits you but does no damage. The bat closely misses you.
Something hits you but does no damage. The goblin misses you.
The bat hits you but does no damage. The goblin misses you. Something hits you!
You die...

######.#.#########.......#.# #
.......#............÷...##.# #
.........................).# #
###.#.############......#########
#.#....#.......................
#.####.#.######################
#.####.#.......# #... #
#......#######.# ##### #.##
########## #@#####..... #.#
##....#.# #g.......... #.#
......#.# #.b......... #.#
##<####.# #...!....... #.# ##.#
#.# #..†........ #.## #.# #.#
......##....$... #... #.# #.#
##.#....).....## #### #.# #.# .$
#.##.......# ###### #.# #.# # ..
#..!....# #...).


You could see a goblin and a bat.

Vanquished Creatures
  Terence (D:2)
  A dart slug (D:1)
  A giant cockroach (D:1)
  3 goblins (D:1)
  4 hobgoblins
  7 kobolds
  7 bats
  5 frilled lizards
  5 rats
34 creatures vanquished.

Notes
Turn   | Place    | Note
-------+----------+-------------------------------------------
     0 | D:1      | Fang the Gargoyle Berserker began the quest for the Orb.
     0 | D:1      | Reached XP level 1. HP: 14/14 MP: 1/1
   138 | D:1      | Reached XP level 2. HP: 17/19 MP: 2/2
   170 | D:1      | Found a snail-covered altar of Cheibriados.
   629 | D:2      | Reached XP level 3. HP: 23/23 MP: 3/3
   721 | D:2      | Noticed Terence
   745 | D:2      | Killed Terence
  1216 | D:2      | Noticed Sigmund
  1227 | D:2      | Reached XP level 4. HP: 29/29 MP: 4/4
  1238 | D:2      | Slain by Sigmund

Levels and vault maps discovered:
D:1:      minmay_arrival_radiant_lines, layout_rooms, cheibriados_altar_1
D:2:      layout_basic, minmay_domino_4, uniq_terence, uniq_sigmund

Skill      XL: |  1  2  3 |
---------------+----------+-----
Axes           | 3 |  3.1
Dodging        | 2 |  2.1
Fighting       | |  3.8
Armour         | |  2.9

Action                   |  1- 3 |  4- 6 || total
-------------------------+-------+-------++-------
Melee: Hand axe          |   127 |     4 ||   131
Invok: Berserk           |     1 |       ||     1
  Eat: Chunk             |     1 |       ||     1
Armor: Animal skin       |    63 |     7 ||    70
Dodge: Dodged            |   111 |     9 ||   120
